 Dungeon Crawl Stone Soup version 0.28-a0-1638-g9123634e07 (webtiles) character file.

Game seed: 17020336179936354991

5887 HallandMoats the Fighter (level 10, -1/81 HPs)
             Began as a Ghoul Fighter on Jan 25, 2022.
             Was a High Priest of Hepliaklqana.
             Slain by a seven-headed hydra (6 damage)
             ... on level 9 of the Dungeon.
             The game lasted 00:11:59 (9818 turns).

HallandMoats the Fighter (Ghoul Fighter)            Turns: 9818, Time: 00:11:59

Health: -1/81      AC: 14    Str: 21    XL:     10   Next: 82%
Magic:  13/13      EV: 14    Int:  5    God:    Hepliaklqana [*****.]
Gold:   436        SH: 11    Dex: 10    Spells: 9/9 levels left

rFire   + . .      SeeInvis .   D - +2 spear (venom)
rCold   + . .      Faith    .   F - +2 kite shield
rNeg    + + +      Spirit   .   l - +2 ring mail {rF+}
rPois   ∞          Reflect  .   v - +2 hat
rElec   .          Harm     .   (no cloak)
rCorr   .          Rampage  .   u - +0 pair of gloves
Will    .....                   q - +2 pair of boots
Stlth   ..........              (no amulet)
HPRegen 0.00/turn               r - +4 ring of evasion
MPRegen 0.13/turn               (no ring)

@: inhibited regen
A: reduced essence, claws 1, cold resistance 1, negative energy resistance 3,
inhibited regeneration, torment resistance 2
a: Renounce Religion, Recall Ancestor, Ancestor Identity, Transference, Idealise


You were on level 9 of the Dungeon.
You worshipped Hepliaklqana.
Hepliaklqana was extremely pleased with you.
You visited 1 branch of the dungeon, and saw 9 of its levels.

You collected 436 gold pieces.

Inventory:

Hand Weapons
 D - a +2 spear of venom (weapon)
Missiles
 B - 3 throwing nets (quivered)
Armour
 l - a +2 ring mail of fire resistance (worn)
 q - a +2 pair of boots (worn)
 u - a +0 pair of gloves (worn)
 v - a +2 hat (worn)
 F - a +2 kite shield (worn)
Jewellery
 b - a ring of ice
 r - a +4 ring of evasion (left hand)
Wands
 a - a wand of charming (6)
 s - a wand of digging (2)
 w - a wand of polymorph (4)
 x - a wand of iceblast (9)
 y - a wand of paralysis (4)
Scrolls
 e - a scroll of amnesia {unknown}
 f - 2 scrolls of magic mapping
 g - 4 scrolls of immolation
 h - 3 scrolls of fear
 m - 2 scrolls of enchant armour
 o - 3 scrolls of blinking
 p - 4 scrolls of teleportation
 C - 2 scrolls of identify
 E - a scroll of noise {unknown}
Potions
 c - a potion of might
 d - a potion of brilliance {unknown}
 i - a potion of attraction {unknown}
 j - a potion of resistance {unknown}
 k - a potion of invisibility {unknown}
 n - 2 potions of flight {unknown}
 t - a potion of mutation {unknown}
 z - 2 potions of degeneration {unknown}
 A - a potion of cancellation {unknown}


   Skills:
 + Level 9.0 Fighting
 * Level 3.6 Polearms
 + Level 5.9 Armour
 + Level 4.9 Dodging
 - Level 5.7 Shields
 - Level 8.0 Unarmed Combat
 + Level 6.0 Invocations


You had 9 spell levels left.
You didn't know any spells.
Your spell library contained the following spells:

 Spells                   Type           Power      Damage    Failure   Level
 Animate Skeleton         Necr           0%         N/A       93%         1
 Apportation              Tloc           0%         N/A       93%         1
 Summon Small Mammal      Summ           0%         N/A       93%         1
 Corpse Rot               Necr/Air       0%         N/A       98%         2
 Poisonous Vapours        Pois/Air       0%         N/A       98%         2
 Static Discharge         Conj/Air       0%         N/A       98%         2
 Stone Arrow              Conj/Erth      0%         3d7       100%        3
 Tukima's Dance           Hex            0%         N/A       100%        3
 Animate Armour           Summ/Erth      0%         N/A       100%        4
 Passage of Golubria      Tloc           0%         N/A       100%        4
 Lightning Bolt           Conj/Air       0%         1d11      100%        5
 Silence                  Hex/Air        0%         N/A       100%        5
 Yara's Violent Unravell  Hex/Tmut       0%         3d3       100%        5
 Malign Gateway           Summ/Tloc      0%         N/A       100%        7
 Lehudib's Crystal Spear  Conj/Erth      0%         10d2      100%        8
 Maxwell's Capacitive Co  Air            0%         ∞         100%        8
 Summon Horrible Things   Summ           0%         N/A       100%        8


Dungeon Overview and Level Annotations

Branches:
Dungeon (9/15)             Temple (0/1) D:4            Lair (0/6) D:8
    Orc: D:9-12

Altars:
Ashenzari
Hepliaklqana
Nemelex Xobeh
Ru
Vehumet
Xom
Yredelemnul
The Shining One

Shops:
D:4 [   D:6 (   D:9 (

Annotations:
D:5 1 transporter, grumblor's ghost, novice OpTm


Innate Abilities, Weirdness & Mutations

Your life essence is reduced to manifest your ancestor. (-10% HP)
You thrive by killing the living.
You are immune to poison.
You have sharp fingernails.
Your flesh is cold resistant. (rC+)
You are immune to negative energy. (rN+++)
You do not regenerate when monsters are visible.
You are immune to unholy pain and torment.


Message History

Unknown command.
Reach: D) +2 spear (venom)
Press: ? - help, Dir - move target, f/p - seven-headed hydra
Aim: a seven-headed hydra (severely wounded, lightly drained, ally target, about 18% to evade your +2 spear of venom)
You barely miss the seven-headed hydra.
The seven-headed hydra is severely wounded.
Eadburga casts a spell at the seven-headed hydra.
The seven-headed hydra appears confused.
The seven-headed hydra misses Eadburga.
The seven-headed hydra bites Eadburga!
Eadburga is destroyed!
The seven-headed hydra bites you but does no damage.
The seven-headed hydra bites you.
The seven-headed hydra bites you but does no damage. x2
You block the seven-headed hydra's attack.
Reach: D) +2 spear (venom)
Press: ? - help, Dir - move target, f/p - seven-headed hydra
Aim: a seven-headed hydra (severely wounded, confused, lightly drained, about 9% to evade your +2 spear of venom)
You hit the seven-headed hydra.
The seven-headed hydra is severely wounded.
You hit the seven-headed hydra.
The seven-headed hydra is severely wounded.
Reach: D) +2 spear (venom)
Press: ? - help, Dir - move target, f/p - seven-headed hydra
Aim: a seven-headed hydra (severely wounded, confused, lightly drained, about 9% to evade your +2 spear of venom)
You hit the seven-headed hydra.
The seven-headed hydra is severely wounded.
Reach: D) +2 spear (venom)
Press: ? - help, Dir - move target, f/p - seven-headed hydra
Aim: a seven-headed hydra (severely wounded, confused, lightly drained, about 9% to evade your +2 spear of venom)
You hit the seven-headed hydra.
The seven-headed hydra is poisoned.
The seven-headed hydra is severely wounded.
The seven-headed hydra bites you. The seven-headed hydra bites you!
* * * LOW HITPOINT WARNING * * *
The seven-headed hydra bites you!
* * * LOW HITPOINT WARNING * * *
The seven-headed hydra completely misses you.
The seven-headed hydra bites you.
* * * LOW HITPOINT WARNING * * *
The seven-headed hydra bites you.
You die...

..............
..................#
..................#
..................#
..................#
..................#
..................#
..................#
................@.#
.................D#
..................#
.........########.#
.........# #.#
.........# #.#
#........# #.#
#........# #.#
#........# #.#


You could see a seven-headed hydra (confused, very poisoned, drained).

Vanquished Creatures
  A troll (D:7)
  A wyvern (D:8)
  A basilisk (D:8)
  3 yaks (D:8)
  3 water moccasins
  Pargi (D:4)
  3 orc warriors
  An ice beast (D:7)
  2 centaurs
  2 ogres (D:6)
  A bullfrog (D:7)
  3 kobold brigands
  A gnoll sergeant (D:8)
  A wight (D:8)
  A centaur zombie (D:8)
  3 jellies
  A centaur skeleton (D:5)
  2 hounds
  An orc priest (D:3)
  Natasha (twice) (D:4)
  A hexer (D:9)
  An orc wizard (D:8)
  A hound skeleton (D:5)
  A howler monkey zombie (D:8)
  7 gnolls
  3 adders
  2 white imps
  An ufetubus (D:5)
  An adder skeleton (D:5)
  A worm (D:5)
  12 orcs
  6 ball pythons
  6 bats
  8 endoplasms
  5 giant cockroaches
  11 goblins
  4 hobgoblins
  2 jackals (D:1)
  2 quokkas
  8 frilled lizards
  30 kobolds
  3 rats
150 creatures vanquished.

Vanquished Creatures (collateral kills)
  Harold (D:7)
  A wyvern (D:8)
  A wraith (D:9)
  2 yaks (D:8)
  2 water moccasins (D:8)
  An orc warrior (D:7)
  2 sky beasts
  3 ogres
  A centaur (D:7)
  2 bullfrogs (D:8)
  A kobold brigand (D:9)
  3 scorpions
  A jelly (D:6)
  2 wights (D:8)
  A gnoll shaman (D:6)
  4 orc priests
  An iguana (D:7)
  Natasha (D:4)
  3 orc wizards
  2 adders
  9 gnolls
  7 orcs
  3 endoplasms
  A giant cockroach (D:2)
  A goblin (D:6)
  A hobgoblin (D:4)
  A bat (D:3)
  2 frilled lizards
  5 kobolds
  2 rats
67 creatures vanquished.

Vanquished Creatures (others)
  3 hexers (D:8)
  18 plants
  7 toadstools (D:1)
28 creatures vanquished.

Grand Total: 245 creatures vanquished

Notes
Turn   | Place    | Note
-------+----------+-------------------------------------------
     0 | D:1      | HallandMoats the Ghoul Fighter began the quest for the Orb.
     0 | D:1      | Reached XP level 1. HP: 19/19 MP: 0/0
   202 | D:1      | Reached XP level 2. HP: 26/26 MP: 1/1
   272 | D:1      | Found a faded altar of an unknown god.
   280 | D:1      | Prayed at the altar of an unknown god.
   280 | D:1      | Became a worshipper of Hepliaklqana the Forgotten
   280 | D:1      | Reached * piety under Hepliaklqana
   633 | D:1      | Reached skill level 1 in Invocations
   633 | D:1      | Reached XP level 3. HP: 27/27 MP: 2/2
  1241 | D:2      | Reached ** piety under Hepliaklqana
  1242 | D:2      | Remembered your ancestor Eadburga as a hexer
  1272 | D:2      | You fall into a shaft and drop 2 floors!
  1362 | D:4      | Reached XP level 4. HP: 22/36 MP: 2/4
  1668 | D:2      | Reached skill level 4 in Fighting
  1918 | D:3      | Noticed a scorpion
  1931 | D:3      | Killed a scorpion
  1932 | D:3      | Reached skill level 1 in Dodging
  1932 | D:3      | Reached XP level 5. HP: 10/41 MP: 5/5
  2267 | D:3      | Reached XP level 6. HP: 8/47 MP: 6/6
  3380 | D:4      | Noticed Pargi
  3389 | D:4      | Killed Pargi
  3390 | D:4      | Reached skill level 5 in Fighting
  3390 | D:4      | Reached XP level 7. HP: 47/54 MP: 7/7
  3539 | D:4      | Reached *** piety under Hepliaklqana
  3578 | D:4      | Found a staircase to the Ecumenical Temple.
  3578 | D:4      | Noticed Natasha
  3585 | D:4      | Killed Natasha
  3771 | D:4      | Noticed Natasha
  3775 | D:4      | Killed Natasha
  3853 | D:4      | Found Moore's Dragon-Slaying Spoils.
  4035 | D:4      | Noticed Natasha
  4039 | D:4      | Killed Natasha
  4205 | D:5      | Entered Level 5 of the Dungeon
  4205 | D:5      | Found a broken altar of Ashenzari.
  4246 | D:5      | Reached skill level 5 in Unarmed Combat
  4620 | D:5      | Found a transporter.
  4620 | D:5      | Noticed grumblor's ghost (novice OpTm)
  4633 | D:5      | Found a radiant altar of Vehumet.
  4648 | D:5      | Found a basalt altar of Yredelemnul.
  4800 | D:5      | Reached XP level 8. HP: 61/63 MP: 9/9
  4884 | D:5      | Reached skill level 6 in Fighting
  5666 | D:6      | Found Sethido's Weapon Boutique.
  5666 | D:6      | Reached **** piety under Hepliaklqana
  6239 | D:6      | Found a sparkling altar of Nemelex Xobeh.
  6260 | D:6      | Reached XP level 9. HP: 21/70 MP: 10/10
  6540 | D:6      | Reached skill level 7 in Fighting
  7665 | D:7      | Noticed Harold
  7682 | D:7      | Killed Harold
  7683 | D:7      | Reached skill level 8 in Fighting
  7683 | D:7      | Reached skill level 5 in Armour
  7683 | D:7      | Reached skill level 5 in Shields
  8256 | D:8      | Noticed a troll
  8322 | D:7      | Reached skill level 5 in Invocations
  8513 | D:8      | Reached XP level 10. HP: 79/80 MP: 12/12
  8578 | D:7      | Reached skill level 1 in Polearms
  8854 | D:8      | Found a staircase to the Lair.
  9345 | D:8      | Reached ***** piety under Hepliaklqana
  9407 | D:8      | Found a sacrificial altar of Ru.
  9632 | D:9      | Found a shimmering altar of Xom.
  9638 | D:9      | Found Kemerool's Weapon Emporium.
  9647 | D:9      | Reached skill level 9 in Fighting
  9805 | D:9      | Noticed a seven-headed hydra
  9818 | D:9      | Slain by a seven-headed hydra

Illustrated notes

Levels and vault maps discovered:
D:1:      nagdon_arrival_zigzag_paths, layout_basic,
          shapermc_ecumenical_altar_gd, minmay_misc_feat_chi
D:2:      layout_rooms
D:3:      layout_basic, serial_bayou_pond_d, minmay_fractal_squares_diagonal_5
D:4:      kennysheep_kobold_camp, layout_cave_pods,
          minmay_temple_entry_mini_moons, roderic_malta_cross,
          nicolae_shop_dragon_depot, uniq_natasha, uniq_pargi
D:5:      layout_layer_cave, mainiacjoe_overflow_alcove_3,
          gammafunk_ghost_mausoleum, glass_columns_c,
          nicolae_concentric_dashed_squares_wild
D:6:      layout_gridville, nemelex_dance_club_becter, serial_shops, shop,
          minmay_ogre_servants
D:7:      layout_cave_pools, uniq_harold
D:8:      layout_basic, nicolae_ru_great_annihilating_truth,
          minmay_lair_entry_grove
D:9:      layout_long_grid, kennysheep_mini, serial_shops,
          nicolae_shop_bloodbath_and_beyond, minmay_chambers_of_fives

Skill      XL: |  1  2  3  4  5  6  7  8  9 10 |
---------------+-------------------------------+-----
Invocations    | 1 2 3 5 6 |  6.0
Armour         | 3 4 5 |  5.9
Unarmed Combat | 3 4 5 6 7 8 |  8.0
Fighting       | 4 5 6 8 9 |  9.0
Dodging        | 1 2 3 4 |  4.9
Shields        | 3 4 5 |  5.7
Polearms       | 3 |  3.6

Action                   |  1- 3 |  4- 6 |  7- 9 | 10-12 || total
-------------------------+-------+-------+-------+-------++-------
Melee: Unarmed           |   112 |   138 |   323 |     9 ||   582
       Spear             |       |       |       |   170 ||   170
Invok: Ancestor Life: He |     1 |       |       |       ||     1
       Recall Ancestor   |       |       |       |     1 ||     1
  Use: Scroll            |       |       |     6 |       ||     6
       Potion            |       |       |     1 |     1 ||     2
 Stab: Confused          |       |       |     8 |     4 ||    12
       Distracted        |       |       |     4 |     1 ||     5
       Paralysed         |       |       |       |     1 ||     1
Armor: Scale mail        |    37 |     2 |       |       ||    39
       Ring mail         |       |    50 |   116 |    46 ||   212
Dodge: Dodged            |    43 |    56 |   234 |   134 ||   467
Block: Buckler           |    24 |    22 |    55 |    31 ||   132
       Kite shield       |       |       |       |    15 ||    15

Table legend: (Time is in decaauts)
 A = Elapsed time spent in this place.
 B = Non-inter-level travel time spent in this place.
 C = Inter-level travel time spent in this place.
 D = Time resting spent in this place.
 E = Time spent auto-exploring this place.
 F = Levels seen in this place.
 G = Mean time per level.
                   A        B        C        D        E       F      G
               +--------+--------+--------+--------+--------+-----+--------+
         Total |   9817 |   9594 |    223 |   1293 |   6702 |   9 | 1090.8 |
       Dungeon |   9817 |   9594 |    223 |   1293 |   6702 |   9 | 1090.8 |
               +--------+--------+--------+--------+--------+-----+--------+

Top non-repeatable levels by time:
     D:7: 1534 daAuts
     D:5: 1456 daAuts
     D:6: 1311 daAuts
     D:4: 1233 daAuts
     D:8: 1090 daAuts
     D:3: 1069 daAuts
     D:1: 1060 daAuts
     D:2: 840 daAuts
     D:9: 222 daAuts
